 Dungeon Crawl Stone Soup version 0.21-a0-176-gb3d4b37 (webtiles) character file.

1229 Deeps the Fighter (level 8, -6/117 HPs)
             Began as a Minotaur Fighter on Aug 9, 2017.
             Mangled by a wight
             ... wielding a +3 scimitar of freezing
              (12 damage)
             ... on level 6 of the Dungeon.
             The game lasted 00:07:03 (3900 turns).

Deeps the Fighter (Minotaur Fighter)                Turns: 3900, Time: 00:07:04

Health: -6/117     AC:  7    Str: 27    XL:     8   Next: 24%
Magic:  7/7        EV:  7    Int:  3    God:
Gold:   392        SH:  9    Dex: 11    Spells: 7/7 levels left

rFire    . . .     SeeInvis .   a - +0 war axe
rCold    . . .     Gourm    .   c - +0 shield
rNeg     . . .     Faith    .   b - +0 scale mail
rPois    .         Spirit   .   (helmet unavailable)
rElec    .         Reflect  .   (no cloak)
rCorr    .         Harm     .   (no gloves)
MR       .....     Clarity  +   z - +0 pair of boots
Stlth    ..........             (no amulet)
HPRegen  0.29/turn              h - ring of flight
MPRegen  0.10/turn              (no ring)

@: mighty, berserking, heavily drained, very quick
A: retaliatory headbutt, horns 3, clarity, dopey 1, screaming 1, evolution 1,
subdued magic 1
a: Evoke Flight


You were on level 6 of the Dungeon.
You were not hungry.

You visited 1 branch of the dungeon, and saw 6 of its levels.

You collected 392 gold pieces.

Inventory:

Hand Weapons
 a - a +0 war axe (weapon)
Armour
 b - a +0 scale mail (worn)
 c - a +0 shield (worn)
 z - a +0 pair of boots (worn)
Jewellery
 h - a ring of flight (left hand)
Scrolls
 g - 6 scrolls of identify {unknown}
 i - 5 scrolls of blinking {unknown}
 j - 2 scrolls of recharging {unknown}
 k - a scroll of enchant weapon {unknown}
 l - 3 scrolls of teleportation {unknown}
 n - a scroll of immolation {unknown}
 o - 6 scrolls of remove curse {unknown}
 p - a scroll of magic mapping {unknown}
 r - 2 scrolls of fear {unknown}
 t - a scroll of enchant armour {unknown}
 x - a scroll of noise {unknown}
 y - 2 scrolls of random uselessness {unknown}
Potions
 d - 4 potions of might
 e - a potion of cancellation {unknown}
 q - 2 potions of berserk rage
 u - a potion of lignification {unknown}
 v - a potion of agility {unknown}
 w - a potion of degeneration {unknown}
 C - a potion of mutation {unknown}
Books
 B - a book of Maledictions

   Spells                             Type                      Level
   a - Corona                         Hexes                        1
   b - Ensorcelled Hibernation        Hexes/Ice                    2
   c - Confuse                        Hexes                        3
   d - Tukima's Dance                 Hexes                        3
   e - Dazzling Spray                 Conjuration/Hexes            3
 D - a book of Callings

   Spells                             Type                      Level
   a - Summon Small Mammal            Summoning                    1
   b - Call Imp                       Summoning                    2
   c - Call Canine Familiar           Summoning                    3
   d - Summon Guardian Golem          Hexes/Summoning              3
   e - Summon Lightning Spire         Summoning/Air                4
   f - Summon Ice Beast               Ice/Summoning                4
Comestibles
 f - 6 bread rations
 m - 4 fruits
 s - 2 royal jellies
 A - a meat ration


   Skills:
 + Level 9.1(7.0) Fighting
 + Level 8.8(6.7) Axes
 - Level 3.6(1.8) Armour
 - Level 3.6(1.8) Shields


You had 7 spell levels left.
You didn't know any spells.

Dungeon Overview and Level Annotations

Branches:
Dungeon (6/15)
 Temple: D:4-7

Altars:
Makhleb
Nemelex Xobeh


Innate Abilities, Weirdness & Mutations

You reflexively headbutt those who attack you in melee.
You have a pair of large horns on your head.
You possess an exceptional clarity of mind.
You are dopey. (Int -2)
You occasionally shout uncontrollably at your foes.
You evolve.
Your spells are a little easier to cast, but a little less powerful.


Message History

You slash the wight! Your headbutt misses the wight.
The wight is almost destroyed.
The wight hits you with a scimitar of freezing!
* * * LOW HITPOINT WARNING * * *
You feel drained.
* * * LOW HITPOINT WARNING * * *
The wight freezes you.
* * * LOW HITPOINT WARNING * * *
You feel very mighty all of a sudden.
The wight hits you with a scimitar of freezing.
* * * LOW HITPOINT WARNING * * *
You feel drained.
* * * LOW HITPOINT WARNING * * *
The wight freezes you.
* * * LOW HITPOINT WARNING * * *
It was a potion of berserk rage.
A red film seems to cover your vision as you go berserk!
You feel yourself moving faster!
You feel mighty!
The wight hits you with a scimitar of freezing!
You die...

.###.#........# .#
#.#........#
####.##...#.###
...#.##..##.#
...#.###.##.#########
.....###..#.........# .....
#.......#.#.#######.#......
#..>.##.#...# #....#...[..
#....##.##..# #@####......
#....##.##.>####z####......
##......#####..zzz.........
#..................%......
#......#####..............
#......# #.....)........
#......# #..............
#......# #..............
######## #..............


You could see 4 wights.

Vanquished Creatures
  A sky beast (D:5)
  2 ice beasts
  An ogre (D:5)
  2 bullfrogs (D:6)
  A scorpion (D:6)
  A wight (D:6)
  A howler monkey (D:5)
  A centaur zombie (D:5)
  A crimson imp (D:5)
  A hound (D:2)
  A jelly (D:5)
  An iguana (D:6)
  6 worker ants
  2 orc wizards
  A hound zombie (D:5)
  2 hound skeletons
  10 adders
  A shadow imp (D:6)
  An ooze (D:2)
  2 adder skeletons (D:4)
  2 worms
  3 dart slugs
  4 leopard geckos
  17 orcs
  5 bats
  7 giant cockroaches
  4 goblins
  10 hobgoblins
  7 jackals
  5 kobolds
  3 quokkas
  A ball python (D:1)
  2 frilled lizards
  A quokka skeleton (D:4)
  A quokka zombie (D:5)
  6 rats
  A fungus (D:1)
118 creatures vanquished.

Vanquished Creatures (others)
  A fungus (D:1)
1 creature vanquished.

Grand Total: 119 creatures vanquished

Notes
Turn   | Place    | Note
-------+----------+-------------------------------------------
     0 | D:1      | Deeps the Minotaur Fighter began the quest for the Orb.
     0 | D:1      | Reached XP level 1. HP: 19/19 MP: 0/0
   250 | D:1      | Reached skill level 4 in Fighting
   250 | D:1      | Reached XP level 2. HP: 24/27 MP: 1/1
   480 | D:1      | Reached XP level 3. HP: 32/34 MP: 2/2
   817 | D:2      | Reached XP level 4. HP: 38/41 MP: 3/3
   910 | D:2      | Reached skill level 5 in Fighting
   920 | D:2      | Found a burning altar of Makhleb.
  1357 | D:3      | Reached XP level 5. HP: 48/48 MP: 4/4
  1529 | D:3      | You fall through a shaft!
  1537 | D:4      | Reached skill level 5 in Axes
  1857 | D:4      | Reached skill level 6 in Fighting
  2136 | D:4      | Found a sparkling altar of Nemelex Xobeh.
  2344 | D:5      | Entered Level 5 of the Dungeon
  2688 | D:5      | Reached XP level 6. HP: 58/58 MP: 5/5
  2780 | D:5      | Noticed an ice beast
  2786 | D:5      | Killed an ice beast
  2786 | D:5      | Reached skill level 7 in Fighting
  2803 | D:5      | Reached XP level 7. HP: 58/66 MP: 6/6
  3437 | D:5      | Reached skill level 8 in Fighting
  3443 | D:5      | Gained mutation: You evolve. [mutagenic meat]
  3444 | D:5      | Gained mutation: You possess an exceptional clarity of mind. [mutagenic meat]
  3445 | D:5      | Gained mutation: Your spells are a little easier to cast, but a little less powerful. [mutagenic meat]
  3446 | D:5      | Gained mutation: You are dopey. (Int -2) [mutagenic meat]
  3447 | D:5      | Gained mutation: You have a pair of large horns on your head. [mutagenic meat]
  3448 | D:5      | Gained mutation: You occasionally shout uncontrollably at your foes. [mutagenic meat]
  3768 | D:6      | Reached XP level 8. HP: 75/75 MP: 7/7
  3841 | D:6      | Reached skill level 9 in Fighting
  3900 | D:6      | Mangled by a wight

Vault maps used:
D:1:      matt_arrival_diagonals, minmay_gold_behind_fungi
D:2:      first_bread, makhleb_heckhound_becter
D:3:      yredelemnul_forgotten_temple_becter
D:4:      nemelex_diamond_rough_becter
D:6:      kennysheep_mini

Skill      XL: |  1  2  3  4  5  6  7  8 |
---------------+-------------------------+-----
Fighting       | 4 5 6 7 8 9 |  9.1
Axes           | 3 4 5 6 8 |  8.8
Armour         | |  3.6
Shields        | |  3.6

Action                   |  1- 3 |  4- 6 |  7- 9 || total
-------------------------+-------+-------+-------++-------
Melee: War axe           |    74 |   121 |   115 ||   310
       Headbutt          |    11 |    20 |    16 ||    47
  Use: Potion            |       |       |     2 ||     2
  Eat: Chunk             |       |     6 |    10 ||    16
Armor: Scale mail        |    22 |    35 |    39 ||    96
Dodge: Dodged            |    16 |    37 |    28 ||    81
Block: Shield            |    41 |    68 |    50 ||   159
